 Dungeon Crawl Stone Soup version 0.32-a0-131-g9dbbe29261 (webtiles) character file.

Game seed: 952225738773942748

849 hikkokomori the Ruffian (level 7, -1/71 HPs)
             Began as a Troll Fighter on Feb 9, 2024.
             Was an Initiate of Hepliaklqana.
             Slain by Edmund
             ... wielding a +2 dire flail of protection
              (8 damage)
             ... on level 5 of the Dungeon.
             The game lasted 00:08:06 (3048 turns).

hikkokomori the Ruffian (Troll Fighter)             Turns: 3048, Time: 00:08:06

Health: -1/71      AC:  4    Str: 25    XL:     7   Next: 69%
Magic:  6/6        EV:  9    Int:  4    God:    Hepliaklqana [......]
Gold:   167        SH:  8    Dex: 11    Spells: 2/6 levels left

rFire   . .          .
                       - Unarmed
rCold   . . .        b - +0 kite shield
rNeg    . . .        a - +0 robe
rPois   .            (helmet restricted)
rElec   .            (no cloak)
rCorr   .            (gloves unavailable)
SInv    .            (boots unavailable)
Will    .....        p - amulet of regeneration
Stlth   +            C - ring of wizardry
HPRegen 1.91/turn    o - ring of wizardry
MPRegen 0.10/turn

%: wizardry (x2)
@: no status effects
A: large, unfitting armour, claws 3, regeneration 1, shaggy fur 1, tough skin 1
a: Renounce Religion


You were on level 5 of the Dungeon.
You worshipped Hepliaklqana.
Hepliaklqana was noncommittal.
You visited 2 branches of the dungeon, and saw 6 of its levels.

You collected 167 gold pieces.

Inventory:

Missiles
 e - 55 stones
 x - 3 boomerangs (quivered)
Armour
 a - a +0 robe (worn)
 b - a +0 kite shield (worn)
Jewellery
 f - an amulet of faith
 g - a ring of flight
 o - a ring of wizardry (right claw)
 p - an amulet of regeneration (around neck)
 q - a ring of fire
 w - a ring of ice
 C - a ring of wizardry (left claw)
Wands
 t - a wand of roots (5)
Scrolls
 d - a scroll of enchant weapon
 i - 5 scrolls of teleportation
 j - 2 scrolls of fog
 r - a scroll of blinking {unknown}
 s - a scroll of vulnerability {unknown}
 u - a scroll of immolation {unknown}
 v - a scroll of poison {unknown}
 y - a scroll of noise {unknown}
 z - a scroll of amnesia
 A - a scroll of fear {unknown}
Potions
 c - 2 potions of might
 h - 3 potions of ambrosia
 k - a potion of lignification
 l - 3 potions of heal wounds
 m - 2 potions of curing
 n - a potion of attraction {unknown}
 B - 2 potions of brilliance


   Skills:
 - Level 4.3 Fighting
 - Level 4.0 Throwing
 - Level 2.4 Dodging
 + Level 0.5 Stealth
 - Level 2.6 Shields
 - Level 6.0 Unarmed Combat
 + Level 0.4 Alchemy


You had 2 spell levels left.
You knew the following spells:

 Your Spells              Type           Power      Damage    Failure   Level
a - Olgreb's Toxic Radia  Alch           0%         N/A       92%         4

Your spell library contained the following spells:

 Spells                   Type           Power      Damage    Failure   Level
 Sting                    Conj/Alch      0%         1d3       28%         1
 Apportation              Tloc           0%         N/A       30%         1
 Necrotise                Necr           0%         1d4       30%         1
 Summon Small Mammal      Summ           0%         N/A       30%         1
 Mercury Vapours          Alch/Air       0%         N/A       38%         2
 Ozocubu's Armour         Ice            0%         N/A       63%         3
 Metabolic Englaciation   Hex/Ice        0%         N/A       99%         5
 Sculpt Simulacrum        Ice/Alch       0%         N/A       100%        6


Dungeon Overview and Level Annotations

Branches:
Dungeon (5/15)             Temple (1/1) D:4

Altars:
Ashenzari
Cheibriados
Dithmenos
Elyvilon
Fedhas
Hepliaklqana
Kikubaaqudgha
Nemelex Xobeh
Qazlal
Ru
Sif Muna
Trog
Uskayaw
Vehumet
Xom
Yredelemnul
Zin
The Shining One

Annotations:
D:5 Edmund


Innate Abilities, Weirdness & Mutations

You are too large for most types of armour.
You have claws for hands.
Your natural rate of healing is unusually fast.
You are covered in fur. (AC +1)
You have tough skin. (AC +1)


Message History

Edmund is almost dead.
Edmund hits you with a +2 dire flail of protection.
* * * LOW HITPOINT WARNING * * *
Unknown command.
You closely miss Edmund.
Edmund is almost dead.
Edmund hits you with a +2 dire flail of protection.
* * * LOW HITPOINT WARNING * * *
Unknown command.
You feel much better.
Edmund hits you with a +2 dire flail of protection!
You scratch Edmund.
Edmund is almost dead.
Edmund hits you with a +2 dire flail of protection!
* * * LOW HITPOINT WARNING * * *
Unknown command.
You barely miss Edmund.
Edmund is almost dead.
You block Edmund's attack.
Unknown command.
You scratch Edmund but do no damage.
Edmund is almost dead.
You block Edmund's attack.
Unknown command.
You completely miss Edmund.
Edmund is almost dead.
Edmund hits you with a +2 dire flail of protection.
* * * LOW HITPOINT WARNING * * *
Unknown command.
You scratch Edmund but do no damage.
Edmund is almost dead.
Edmund hits you with a +2 dire flail of protection!
* * * LOW HITPOINT WARNING * * *
Unknown command.
You scratch Edmund but do no damage.
Edmund is almost dead.
Edmund hits you with a +2 dire flail of protection!
You die...
Edmund whines, "They better pay attention to me now!"
Hepliaklqana delivers you to your ancestors.

... .. #..#
##.######..#
#.....#....#
#.....#....##
#.....#.....+
#..<..#.....
######.## #.@#
#..###.####.@##
#.........#...#
#.........+...#
##.....####..##
######..##..##
#>...#...#
#....'...#
##########


You could see Edmund.

Vanquished Creatures
  Sigmund (D:2)
  Duvessa (D:4)
  A phantom (D:4)
  A scorpion (D:5)
  4 wights (D:4)
  Dowan (D:4)
  2 iguanas (D:4)
  Ijyb (D:3)
  3 gnolls (D:4)
  5 adders
  2 dart slugs
  3 orcs (D:3)
  7 ball pythons
  7 bats
  6 endoplasms
  A giant cockroach (D:3)
  2 goblins
  9 hobgoblins
  A quokka (D:2)
  3 frilled lizards
  2 kobolds
  6 rats
69 creatures vanquished.

Notes
Turn   | Place    | Note
-------+----------+-------------------------------------------
     0 | D:1      | hikkokomori the Troll Fighter began the quest for the Orb.
     0 | D:1      | Reached XP level 1. HP: 22/22 MP: 0/0
    10 | D:1      | You fall into a shaft and drop 1 floor!
    30 | D:2      | Reached XP level 2. HP: 24/29 MP: 1/1
    62 | D:2      | Reached skill level 3 in Unarmed Combat
   649 | D:2      | Noticed Sigmund
   704 | D:2      | Reached XP level 3. HP: 34/36 MP: 2/2
  1188 | D:3      | Noticed Ijyb
  1200 | D:3      | Killed Ijyb
  1201 | D:3      | Reached skill level 4 in Unarmed Combat
  1204 | D:3      | Reached XP level 4. HP: 34/44 MP: 3/3
  1964 | D:4      | Reached skill level 5 in Unarmed Combat
  1969 | D:4      | Reached XP level 5. HP: 50/50 MP: 4/4
  2000 | D:4      | Found a shadowy altar of Dithmenos.
  2003 | D:4      | Found a glowing silver altar of Zin.
  2045 | D:4      | Reached skill level 1 in Throwing
  2045 | D:4      | Reached XP level 6. HP: 51/58 MP: 5/5
  2078 | D:4      | Reached skill level 6 in Unarmed Combat
  2098 | D:4      | Found a staircase to the Ecumenical Temple.
  2130 | Temple   | Entered the Ecumenical Temple
  2147 | Temple   | Became a worshipper of Hepliaklqana the Forgotten
  2265 | D:2      | Killed Sigmund
  2266 | D:2      | Reached XP level 7. HP: 43/68 MP: 6/6
  2334 | D:5      | Entered Level 5 of the Dungeon
  2334 | D:5      | Found an ancient bone altar of Kikubaaqudgha.
  2498 | D:4      | Noticed Duvessa
  2501 | D:4      | Noticed Dowan
  2510 | D:4      | Killed Duvessa
  2516 | D:4      | Killed Dowan
  2671 | D:4      | Found a stormy altar of Qazlal.
  2674 | D:4      | Found a sparkling altar of Nemelex Xobeh.
  2675 | D:4      | Found a hide-covered altar of Uskayaw.
  2964 | D:4      | Learned a level 4 spell: Olgreb's Toxic Radiance
  3028 | D:5      | Noticed Edmund
  3048 | D:5      | Slain by Edmund

Illustrated notes

Levels and vault maps discovered:
D:1:      matt_arrival_diagonals, layout_loops_ring
D:2:      layout_basic, uniq_sigmund
D:3:      layout_loops_ring, serial_glass, glass_columns_a, glass_columns_b,
          grunt_ministairs_15, kennysheep_generic_room_5, uniq_ijyb
D:4:      layout_gridville, nicolae_overflow_hidden_temple,
          minmay_temple_entry_drinking_statues, minmay_misc_feat_secret_circle,
          uniq_duvessa
D:5:      layout_gridville, mainiacjoe_overflow_alcove_1,
          nicolae_kikubaaqudgha_miasma_corner, grunt_decor_mini_mirrors,
          uniq_edmund, uniq_blork_the_orc
Temple:   hc_temple_tempest_star

Skill      XL: |  1  2  3  4  5  6  7 |
---------------+----------------------+-----
Unarmed Combat | 3 4 5 6 |  6.0
Throwing       | 1 2 4 |  4.0
Fighting       | 3 4 |  4.3
Dodging        | |  2.4
Stealth        | |  0.5
Shields        | |  2.6
Alchemy        | |  0.4

Action                     |  1- 3 |  4- 6 |  7- 9 || total
---------------------------+-------+-------+-------++-------
  Melee: Unarmed           |    60 |    86 |    44 ||   190
  Throw: Boomerang         |       |     7 |     2 ||     9
  Evoke: Wand              |       |     2 |       ||     2
    Use: Scroll            |       |     5 |     5 ||    10
         Potion            |       |       |     2 ||     2
   Stab: Sleeping          |     1 |       |       ||     1
 Armour: Robe              |    39 |    53 |    21 ||   113
         Skin              |       |       |     2 ||     2
  Dodge: Dodged            |    24 |    24 |     7 ||    55
  Block: Kite shield       |    33 |    29 |    13 ||    75

Table legend: (Time is in decaauts)
 A = Elapsed time spent in this place.
 B = Non-inter-level travel time spent in this place.
 C = Inter-level travel time spent in this place.
 D = Time resting spent in this place.
 E = Time spent auto-exploring this place.
 F = Levels seen in this place.
 G = Mean time per level.
                   A        B        C        D        E       F      G
               +--------+--------+--------+--------+--------+-----+--------+
         Total |   3056 |   2770 |    286 |    133 |   2063 |   6 |  509.3 |
       Dungeon |   3022 |   2769 |    253 |    133 |   2063 |   5 |  604.4 |
        Temple |     34 |      1 |     33 |      0 |      0 |   1 |   34.0 |
               +--------+--------+--------+--------+--------+-----+--------+

Top non-repeatable levels by time:
     D:4: 996 daAuts
     D:2: 729 daAuts
     D:3: 691 daAuts
     D:1: 562 daAuts
     D:5: 42 daAuts
  Temple: 34 daAuts
